 Dungeon Crawl Stone Soup version 0.31-a0-889-g1a8549509d (webtiles) character file.

Game seed: 9474440720481393019

13325 Newt the Cleaver (level 11, -2/86 HPs)
             Began as a Demonspawn Gladiator on Oct 16, 2023.
             Was a High Priest of Okawaru.
             Slain by a skeletal warrior
             ... wielding a +3 glaive
              (8 damage)
             ... on level 12 of the Dungeon.
             The game lasted 00:13:00 (12229 turns).

Newt the Cleaver (Demonspawn Gladiator)            Turns: 12229, Time: 00:13:01

Health: -2/86      AC: 17    Str: 18    XL:     11   Next: 74%
Magic:  12/17      EV:  6    Int:  8    God:    Okawaru [*****.]
Gold:   630        SH:  5    Dex: 15    Spells: 10/10 levels left

rFire   . . .        C - +7 battleaxe (protect)
rCold   + . .        (shield currently unavailable)
rNeg    + . .        D - +0 plate armour "Suexkaech" {Will+}
rPois   .            c - +0 helmet
rElec   .            (cloak unavailable)
rCorr   .            (no gloves)
SInv    .            (no boots)
Will    +....        s - amulet of reflection Stlth
                     w - ring of protection from cold
HPRegen 0.34/turn    A - ring of positive energy
MPRegen 0.15/turn

%: reflection
@: no status effects
A: slimy green scales 2, foul stench 1, weakness stinger 3, talons 1, dopey 1,
MP-powered wands
a: Renounce Religion, Heroism, Finesse, Duel


You were on level 12 of the Dungeon.
You worshipped Okawaru.
Okawaru was extremely pleased with you.
You visited 2 branches of the dungeon, and saw 13 of its levels.
You also visited: Sewer.

You collected 630 gold pieces.

Inventory:

Hand Weapons
 a - a +0 rapier of draining
 f - a +0 spear
 l - a +3 flail of protection
 C - a +7 battleaxe of protection (weapon)
Missiles
 d - 4 throwing nets (quivered)
 e - 6 javelins
 t - 7 boomerangs
 K - 3 poisoned darts
Armour
 b - a +0 leather armour
 c - a +0 helmet (worn)
 u - a +0 cloak
 x - a +0 buckler
 y - a +1 scale mail of fire resistance
 D - the +0 plate armour "Suexkaech" (worn) {Will+}
   (You found it on level 7 of the Dungeon)

   Will+:     It increases your willpower.
Jewellery
 s - an amulet of reflection (around neck)
 w - a ring of protection from cold (left hand)
 A - a ring of positive energy (right hand)
Wands
 q - a wand of digging (6)
 B - a wand of quicksilver (2)
 E - a wand of paralysis (4)
 J - a wand of flame (11)
Scrolls
 i - 8 scrolls of teleportation
 n - 2 scrolls of revelation
 o - a scroll of brand weapon
 z - a scroll of vulnerability
 G - a scroll of poison
 H - 2 scrolls of fog
Potions
 g - 2 potions of attraction
 h - 3 potions of curing
 j - 3 potions of enlightenment
 k - 2 potions of brilliance
 m - 3 potions of mutation
 p - 2 potions of magic
 r - a potion of cancellation
 F - a potion of lignification {unknown}
 I - a potion of heal wounds
Miscellaneous
 v - a phial of floods


   Skills:
 + Level 8.3 Fighting
 - Level 3.1 Short Blades
 - Level 9.2(10.0) Axes
 - Level 6.0(8.4) Maces & Flails
 - Level 1.7 Throwing
 - Level 7.0 Armour
 - Level 2.6 Dodging
 - Level 4.0 Shields
 - Level 9.0 Invocations
 - Level 5.0 Evocations


You had 10 spell levels left.
You didn't know any spells.
Your spell library contained the following spells:

 Spells                   Type           Power      Damage    Failure   Level
 Apportation              Tloc           0%         N/A       100%        1
 Necrotise                Necr           0%         1d4       100%        1
 Lesser Beckoning         Tloc           0%         N/A       100%        2
 Sublimation of Blood     Necr           0%         N/A       100%        2
 Gell's Gravitas          Tloc           0%         N/A       100%        3
 Teleport Other           Tloc           0%         N/A       100%        3
 Agony                    Necr           0%         N/A       100%        5
 Dispersal                Tloc           0%         N/A       100%        6
 Summon Small Mammal      Summ           Unusable   N/A       N/A         1

Dungeon Overview and Level Annotations

Branches:
Dungeon (12/15)            Temple (1/1) D:7            Lair (0/5) D:11
    Orc (0/2) D:11          Sewer (visited)

Altars:
Ashenzari
Cheibriados
Dithmenos
Fedhas
Gozag
Hepliaklqana
Kikubaaqudgha
Makhleb
Nemelex Xobeh
Okawaru
Qazlal
Ru
Sif Muna
Trog
Uskayaw
Vehumet
Wu Jian
Xom
Yredelemnul

Portals:
Trove: D:10 (give +3 gold dragon scales)

Annotations:
D:8 1 runed translucent door


Innate Abilities, Weirdness & Mutations

You are mostly covered in slimy green scales. (AC +3)
You may rarely emit foul miasma when damaged in melee.
You have a sharp stinger which inflicts weakening toxins.
You have sharp toenails.
You are dopey. (Int -2)
You expend magic power (3 MP) to strengthen your wands.


Message History

* * * LOW HITPOINT WARNING * * *
You slash the two-headed ogre! You claw the two-headed ogre.
You tail-slap the two-headed ogre.
You kill the two-headed ogre!
Okawaru is honoured by your kill.
Your Fighting skill increases to level 8!
Unknown command.
You start resting.
You start resting.
A skeletal warrior is nearby!
Aiming: Throw Flame
Press: ? - help, Shift-Dir - straight line, f - skeletal warrior
Aim: a skeletal warrior, wielding a +3 glaive (76% to hit)
You feel a surge of power!
The puff of flame hits the skeletal warrior!
The skeletal warrior is lightly damaged.
Unknown command.
Aiming: Throw Flame
Press: ? - help, Shift-Dir - straight line, f/p - skeletal warrior
Aim: a skeletal warrior, wielding a +3 glaive (lightly damaged, 76% to hit)
You feel a surge of power!
The puff of flame hits the skeletal warrior but does no damage.
The skeletal warrior is lightly damaged.
Unknown command.
The skeletal warrior hits you with a +3 glaive!
Things that are here:
a +0 giant club; a +0 giant club You barely miss the skeletal warrior.
Your kick misses the skeletal warrior.
Your tail-slap misses the skeletal warrior.
The skeletal warrior is lightly damaged.
The skeletal warrior barely misses you.
Unknown command.
You block the skeletal warrior's attack.
The skeletal warrior attacks as it pursues you!
The skeletal warrior hits you from afar with a +3 glaive!!
The skeletal warrior hits you with a +3 glaive!!
* * * LOW HITPOINT WARNING * * *
There is a stone staircase leading up, spattered with blood here.
The skeletal warrior hits you with a +3 glaive!
You die...

##### #....# ...... #......
##.....[. ##........ #.........
#@........ ##z.......
#z............
##............... #####
#z...?.......... ####...####
##.z.............
###.........###................
#...<.z......#......^..........
#..>..z(.........#.............


You could see 4 skeletal warriors.

Vanquished Creatures
  Erica (D:8)
  A two-headed ogre (D:12)
  A boulder beetle (D:11)
  3 skeletal warriors (D:11)
  A lindwurm (shapeshifter) (D:11)
  2 cyclopes
  Jeremiah (D:7)
  A troll (D:11)
  A hornet (D:9)
  Prince Ribbit (D:7)
  A wraith (D:9)
  2 shadows
  2 wyverns
  7 yaks
  Grum (D:8)
  2 basilisks (D:11)
  8 vampire mosquitoes
  2 steam dragons
  Menkaure (D:5)
  An acid dragon (D:11)
  3 water moccasins
  An orc warrior (D:9)
  A sky beast (D:6)
  3 black bears
  2 ice beasts
  An ogre (D:6)
  5 wolves
  3 centaurs
  4 kobold brigands
  3 bullfrogs
  Blork the orc (D:5)
  A gnoll sergeant (D:5)
  4 scorpions
  8 wights
  6 killer bees (D:11)
  A howler monkey (D:4)
  4 jellies
  6 hounds
  5 orc priests
  5 iguanas
  Jessica (D:3)
  4 orc wizards
  A mummy (D:3)
  8 gnolls
  14 adders
  4 river rats (Sewer)
  A shadow imp (D:5)
  2 white imps
  2 worms
  A dart slug (D:3)
  16 orcs
  12 ball pythons
  11 bats
  5 endoplasms
  4 giant cockroaches
  3 goblins
  11 hobgoblins
  8 jackals
  24 kobolds
  2 quokkas
  6 frilled lizards
  A kobold skeleton (D:8)
  9 rats
257 creatures vanquished.

Notes
Turn   | Place    | Note
-------+----------+-------------------------------------------
     0 | D:1      | Newt the Demonspawn Gladiator began the quest for the Orb.
     0 | D:1      | Reached XP level 1. HP: 16/16 MP: 1/1
   305 | D:1      | Gained mutation: You are partially covered in slimy green
                  | scales. (AC +2) [demonic ancestry]
   305 | D:1      | Reached XP level 2. HP: 19/23 MP: 2/2
   854 | D:2      | Gained mutation: You have a small tail. [demonic ancestry]
   854 | D:2      | Reached XP level 3. HP: 27/29 MP: 3/3
  1046 | D:2      | Reached XP level 4. HP: 36/37 MP: 4/4
  1078 | D:2      | Reached skill level 1 in Maces & Flails
  1510 | D:3      | Identified the "Ewkael"
  1552 | D:3      | Reached XP level 5. HP: 26/42 MP: 5/5
  1553 | D:3      | Found a snail-covered altar of Cheibriados.
  1664 | D:3      | Found an ancient bone altar of Kikubaaqudgha.
  1784 | D:3      | Noticed Jessica
  1790 | D:3      | Killed Jessica
  1814 | D:3      | Found a glowing drain.
  1844 | Sewer    | Entered a sewer
  1867 | Sewer    | Reached skill level 1 in Armour
  2199 | Sewer    | Gained mutation: You may rarely emit foul miasma when
                  | damaged in melee. [demonic ancestry]
  2199 | Sewer    | Reached XP level 6. HP: 37/48 MP: 6/6
  3172 | D:4      | Gained mutation: Your body sometimes deteriorates upon
                  | taking damage. [potion of mutation]
  3172 | D:4      | Gained mutation: Your natural rate of healing is unusually
                  | fast. [potion of mutation]
  3173 | D:4      | Lost mutation: Your body sometimes deteriorates upon taking
                  | damage. [potion of mutation]
  3173 | D:4      | Lost mutation: Your natural rate of healing is unusually
                  | fast. [potion of mutation]
  3173 | D:4      | Gained mutation: You are dopey. (Int -2) [potion of
                  | mutation]
  3173 | D:4      | Gained mutation: You expend magic power (3 MP) to
                  | strengthen your wands. [potion of mutation]
  3173 | D:4      | Gained mutation: You have sharp toenails. [potion of
                  | mutation]
  3236 | D:4      | Reached skill level 5 in Fighting
  3519 | D:4      | Gained mutation: You have a tail ending in a sharp stinger.
                  | [demonic ancestry]
  3519 | D:4      | Reached XP level 7. HP: 46/57 MP: 7/7
  3664 | D:4      | Found a shimmering altar of Xom.
  3665 | D:4      | Found a shimmering altar of Xom.
  3692 | D:4      | Found a shimmering altar of Xom.
  3693 | D:4      | Found a shimmering altar of Xom.
  3693 | D:4      | Found a shimmering altar of Xom.
  3694 | D:4      | Found a shimmering altar of Xom.
  3972 | D:5      | Entered Level 5 of the Dungeon
  4200 | D:5      | Found a blossoming altar of Fedhas.
  4241 | D:5      | Noticed Menkaure
  4249 | D:5      | Killed Menkaure
  4250 | D:5      | Reached skill level 5 in Maces & Flails
  4413 | D:5      | Noticed Blork the orc
  4413 | D:5      | Noticed a steam dragon
  4425 | D:5      | Killed Blork the orc
  4426 | D:5      | Gained mutation: You have a sharp stinger which inflicts
                  | weakening toxins. [demonic ancestry]
  4426 | D:5      | Reached XP level 8. HP: 55/64 MP: 8/8
  4570 | D:5      | Reached skill level 1 in Shields
  5446 | D:6      | Reached skill level 5 in Armour
  5581 | D:6      | Reached XP level 9. HP: 69/69 MP: 9/9
  6007 | D:7      | Noticed Jeremiah
  6044 | D:7      | Killed Jeremiah
  6249 | D:7      | Found a hide-covered altar of Uskayaw.
  6443 | D:7      | Noticed Prince Ribbit
  6453 | D:7      | Killed Prince Ribbit
  6569 | D:7      | Identified the +0 plate armour "Suexkaech" {Will+}
  6689 | D:7      | Found a staircase to the Ecumenical Temple.
  6701 | D:7      | Reached skill level 1 in Axes
  6706 | Temple   | Entered the Ecumenical Temple
  6717 | Temple   | Became a worshipper of Warmaster Okawaru
  7034 | D:8      | Noticed Grum
  7044 | D:8      | Killed Grum
  7260 | D:8      | Found a runed translucent door.
  7271 | D:8      | Found a basalt altar of Yredelemnul.
  7692 | D:8      | Reached XP level 10. HP: 72/77 MP: 10/10
  7766 | D:8      | Found a stormy altar of Qazlal.
  7817 | D:8      | Reached * piety under Okawaru
  7827 | D:8      | Reached skill level 5 in Axes
  7951 | D:8      | Noticed Erica
  7962 | D:8      | Killed Erica
  8246 | D:9      | Identified the +2 leather armour of Ufaoll {Harm +Inv rF+
                  | Dex-5}
  8414 | D:9      | Reached ** piety under Okawaru
  9026 | D:10     | Entered Level 10 of the Dungeon
  9395 | D:10     | Found a portal to a secret trove of treasure.
  9441 | D:10     | Reached *** piety under Okawaru
 10118 | D:11     | Noticed a boulder beetle
 10133 | D:11     | Killed a boulder beetle
 10134 | D:11     | Reached skill level 1 in Evocations
 10212 | D:11     | Noticed a skeletal warrior
 10213 | D:11     | Noticed a skeletal warrior
 10246 | D:11     | Killed a skeletal warrior
 10246 | D:11     | Reached **** piety under Okawaru
 10247 | D:11     | Gained mutation: You are mostly covered in slimy green
                  | scales. (AC +3) [demonic ancestry]
 10247 | D:11     | Reached XP level 11. HP: 37/84 MP: 11/11
 10252 | D:11     | Killed a skeletal warrior
 10496 | D:11     | Reached skill level 5 in Evocations
 10498 | D:11     | Reached skill level 1 in Invocations
 10556 | D:11     | Found a staircase to the Lair.
 10861 | D:11     | Reached skill level 5 in Invocations
 11043 | D:11     | Reached ***** piety under Okawaru
 11079 | D:11     | Found a staircase to the Orcish Mines.
 11116 | D:11     | Noticed a skeletal warrior
 11131 | D:11     | Killed a skeletal warrior
 11131 | D:11     | Received a gift from Okawaru
 11382 | D:11     | a tarantella changed into a lindwurm
 11382 | D:11     | Noticed a lindwurm (shapeshifter)
 11385 | D:11     | Killed a lindwurm
 11733 | D:12     | Noticed a skeletal warrior
 11734 | D:12     | Noticed a skeletal warrior
 11734 | D:12     | Noticed a skeletal warrior
 11734 | D:12     | Noticed a skeletal warrior
 11735 | D:12     | Noticed a skeletal warrior
 12070 | D:12     | Noticed a two-headed ogre
 12075 | D:12     | Killed a two-headed ogre
 12229 | D:12     | Slain by a skeletal warrior

Illustrated notes

Levels and vault maps discovered:
D:1:      saegor_arrival_simple_c, layout_loops_ring,
          chequers_serial_rivers_room_a, nrook_uturn, serial_bayou_pond_b,
          nicolae_the_louvre
D:2:      layout_basic, grunt_ministairs_6, kennysheep_cross_bottleneck
D:3:      layout_rooms, slow_altar_1, mainiacjoe_overflow_catwalk_spiral,
          portal_sewer_entry_a, dk_noncrumbling_3, grunt_ministairs_11,
          minmay_misc_feat_rugged, fountainhead, uniq_jessica
D:4:      layout_loops_corners, xom_redecorated,
          eino_small_chamber_without_monster, hangedman_decor_growths
D:5:      layout_loops_corners, mainiacjoe_overflow_concentric_impassable,
          uniq_menkaure, uniq_blork_the_orc
D:6:      layout_loops_cross
D:7:      layout_cave_pools, mainiacjoe_overflow_small_starburst,
          minmay_temple_entry_trees, uniq_jeremiah, uniq_prince_ribbit1
D:8:      layout_loops_ring, dk_yredelemnul_ordeal,
          mainiacjoe_overflow_big_doors, minmay_misc_feat_roman, uniq_grum,
          uniq_erica
D:9:      layout_basic
D:10:     layout_cross, nicolae_trove_entry_columns
D:11:     layout_stronghold, minmay_lair_entry_grove, orc_0_dummy
D:12:     layout_cave_pods, uniq_josephine
Temple:   cyrus_circular_temple

Skill      XL: |  1  2  3  4  5  6  7  8  9 10 11 |
---------------+----------------------------------+-----
Fighting       | 3 4 5 6 7 8 |  8.3
Short Blades   | 3 |  3.1
Maces & Flails | 2 3 5 6 |  6.0
Armour         | 2 3 5 7 |  7.0
Shields        | 4 |  4.0
Axes           | 4 9 |  9.2
Evocations     | 3 5 |  5.0
Invocations    | 9 |  9.0
Throwing       | |  1.7
Dodging        | |  2.6

Action                     |  1- 3 |  4- 6 |  7- 9 | 10-12 || total
---------------------------+-------+-------+-------+-------++-------
  Melee: Rapier            |   100 |       |       |       ||   100
         Flail             |     3 |   231 |   227 |       ||   461
         Tailslap          |     3 |    17 |    51 |    36 ||   107
         Kick              |       |     7 |    84 |    77 ||   168
         Punch             |       |     1 |       |       ||     1
         Battleaxe         |       |       |    36 |   245 ||   281
  Evoke: Wand              |       |       |       |     4 ||     4
    Use: Scroll            |     7 |     4 |     6 |     6 ||    23
         Potion            |       |     3 |     1 |     3 ||     7
   Stab: Sleeping          |       |     3 |       |       ||     3
 Armour: Leather armour    |    75 |   183 |    10 |       ||   268
         Scale mail        |       |       |   128 |       ||   128
         Plate armour      |       |       |    52 |   322 ||   374
  Dodge: Dodged            |    64 |   184 |   113 |    86 ||   447
  Block: Buckler           |       |       |    81 |       ||    81
         Reflection        |       |       |     3 |     2 ||     5
         Other             |       |       |    14 |    71 ||    85

Table legend: (Time is in decaauts)
 A = Elapsed time spent in this place.
 B = Non-inter-level travel time spent in this place.
 C = Inter-level travel time spent in this place.
 D = Time resting spent in this place.
 E = Time spent auto-exploring this place.
 F = Levels seen in this place.
 G = Mean time per level.
                   A        B        C        D        E       F      G
               +--------+--------+--------+--------+--------+-----+--------+
         Total |  12571 |  12177 |    394 |   2145 |   8048 |  14 |  897.9 |
       Dungeon |  11305 |  10932 |    373 |   1953 |   7250 |  12 |  942.1 |
        Temple |     22 |      1 |     21 |      0 |      0 |   1 |   22.0 |
         Sewer |   1242 |   1242 |      0 |    192 |    798 |   1 | 1242.0 |
               +--------+--------+--------+--------+--------+-----+--------+

Top non-repeatable levels by time:
    D:11: 2084 daAuts
   Sewer: 1242 daAuts
     D:8: 1144 daAuts
     D:5: 1110 daAuts
     D:7: 1036 daAuts
    D:10: 920 daAuts
     D:6: 900 daAuts
     D:9: 889 daAuts
     D:1: 840 daAuts
     D:4: 834 daAuts
     D:2: 689 daAuts
     D:3: 607 daAuts
    D:12: 246 daAuts
  Temple: 22 daAuts
